 Dungeon Crawl Stone Soup version 0.18-a0-1726-g399342b (webtiles) character file.

58 Ekaitz the Chopper (level 4, -2/35 HPs)
             Began as a Formicid Fighter on Mar 22, 2016.
             Killed by divine providence
             ... invoked by an orc priest
              (11 damage)
             ... on level 3 of the Dungeon.
             The game lasted 00:02:53 (1352 turns).

Ekaitz the Chopper (Formicid Fighter)               Turns: 1352, Time: 00:02:53

Health: -2/35      AC: 10    Str: 21    XL:     4   Next: 21%
Magic:  4/4        EV:  8    Int:  8    God:
Gold:   158        SH:  9    Dex: 10    Spells: 0 memorised, 3 levels left

rFire  . . .     SeeInvis +     a - +0 war axe
rCold  . . .     Gourm    .     b - +0 scale mail
rNeg   . . .     Faith    .     c - +0 shield
rPois  .         Spirit   .     (helmet unavailable)
rElec  .         Dismiss  .     (no cloak)
rCorr  .         Reflect  .     (no gloves)
SustAt .         Harm     .     (no boots)
MR     .....                    (no amulet)
Stlth  ..........               (no ring)
                                h - +4 ring of protection

@: not resistant to hostile enchantments, extremely unstealthy
A: permanent stasis, dig shafts and tunnels, four strong arms, antennae 3
a: Dig, Shaft Self


You were on level 3 of the Dungeon.
You were hungry.

You visited 1 branch of the dungeon, and saw 3 of its levels.

You collected 158 gold pieces.

Inventory:

Hand Weapons
 a - a +0 war axe (weapon)
Armour
 b - a +0 scale mail (worn)
 c - a +0 shield (worn)
Jewellery
 h - a +4 ring of protection (left hand)
Scrolls
 g - 3 scrolls of teleportation {unknown}
 j - 2 scrolls of identify {unknown}
Potions
 d - 2 potions of might
 e - 3 potions of curing {unknown}
 k - 2 potions of resistance {unknown}
 l - 2 potions of flight {unknown}
Comestibles
 f - 3 bread rations
 i - a beef jerky
 n - a meat ration


   Skills:
 - Level 3.2 Fighting
 * Level 3.7 Axes
 - Level 3.2 Armour
 + Level 1.2 Dodging
 + Level 0.3 Stealth
 - Level 3.6 Shields


You had 3 spell levels left.
You didn't know any spells.

Dungeon Overview and Level Annotations

Branches:
Dungeon (3/15)

Altars:
Ashenzari
Dithmenos
Nemelex Xobeh

Annotations:
D:3 Natasha


Innate Abilities, Weirdness & Mutations

You are under a permanent stasis effect.
You can dig through walls and to a lower floor.
Your four strong arms can wield two-handed weapons with a shield.
You have a pair of large antennae on your head (SInv).


Message History

The orc barely misses you.
The orc priest hits you but does no damage.
You closely miss the orc.
The orc is almost dead.
You block the orc's attack.
The orc priest invokes the aid of Beogh against you.
Beogh smites you!
A giant gecko comes into view.
You closely miss the orc.
The orc is almost dead.
You block the orc priest's attack. The orc barely misses you.
You barely miss the orc.
The orc is almost dead.
The orc priest barely misses you. The orc hits you with a flail.
The orc priest invokes the aid of Beogh against you.
Beogh smites you!
* * * LOW HITPOINT WARNING * * *
The orc priest calls down the wrath of Beogh upon you.
Beogh smites you!
You die...

#. #...# .......
#.##...##.....).
#..#...##.......
#########.#...##.......
..............##.......
.................#
.................#
.................#
.(.......##+####@#
.((......# #o#
.........# #o#
(......).# #oo{
...#'#####


#og ###### .l.# { { #... #..# You could see 2 orc priests, an orc wizard, 2
orcs, a giant gecko and a goblin.

Vanquished Creatures
  An adder (D:2)
  An ooze (D:2)
  A worm (D:2)
  An orc (D:3)
  A ball python (D:2)
  3 giant cockroaches
  4 goblins (D:2)
  6 hobgoblins
  9 kobolds
  A quokka (D:2)
  2 bats (D:2)
  2 giant newts
  7 rats
39 creatures vanquished.

Notes
Turn   | Place    | Note
--------------------------------------------------------------
     0 | D:1      | Ekaitz the Formicid Fighter began the quest for the Orb.
     0 | D:1      | Reached XP level 1. HP: 18/18 MP: 1/1
   146 | D:1      | Reached XP level 2. HP: 24/24 MP: 2/2
   752 | D:2      | Reached XP level 3. HP: 26/29 MP: 3/3
   821 | D:2      | Found a shadowy altar of Dithmenos.
   821 | D:2      | Found a sparkling altar of Nemelex Xobeh.
   938 | D:2      | Found a shattered altar of Ashenzari.
  1042 | D:2      | Reached skill level 1 in Dodging
  1147 | D:2      | Reached XP level 4. HP: 35/35 MP: 4/4
  1348 | D:3      | Noticed Natasha
  1352 | D:3      | Killed from afar by an orc priest

Vault maps used:
D:1:      eino_arrival_water_cross
D:2:      gammafunk_temple_overflow_elements, ashenzari_conservatory_becter,
          first_bread, minmay_misc_feat_alley
D:3:      lemuel_round_altar, cheibriados_altar_wand_db,
          lemuel_zombie_altar_yredelemnul, uniq_natasha

Skill      XL: |  1  2  3 |
---------------+----------+-----
Axes           | 3 |  3.7
Dodging        | 1 |  1.2
Fighting       | |  3.2
Armour         | |  3.2
Stealth        | |  0.3
Shields        | |  3.6

Action                   |  1- 3 |  4- 6 || total
-------------------------+-------+-------++-------
Melee: War axe           |   107 |    31 ||   138
  Eat: Chunk             |     1 |       ||     1
